 Dungeon Crawl Stone Soup version 0.22-b1-21-g5cfc1688f2 (webtiles) character file.

809 Jorund the Chopper (level 7, 15/55 HPs)
             Began as a Demonspawn Fighter on Aug 8, 2018.
             Quit the game on level 4 of the Dungeon.
             The game lasted 00:11:48 (4652 turns).

Jorund the Chopper (Demonspawn Fighter)             Turns: 4652, Time: 00:11:49

Health: 15/55      AC: 10    Str: 19    XL:     7   Next: 61%
Magic:  5/7        EV:  9    Int:  9    God:
Gold:   149        SH:  0    Dex: 14    Spells: 6/6 levels left

rFire    . . .     SeeInvis .   a - +1 war axe
rCold    . . .     Gourm    .   (no shield)
rNeg     . . .     Faith    .   b - +0 scale mail
rPois    .         Spirit   +   (helmet restricted)
rElec    +         Reflect  .   (no cloak)
rCorr    .         Harm     .   (no gloves)
MR       .....                  (no boots)
Stlth    ..........             d - amulet of inaccuracy (curse)
HPRegen  0.18/turn              (no ring)
MPRegen  0.10/turn              (no ring)

@: no status effects
A: antennae 1, talons 1, yellow scales 2, agile 1, electricity resistance, wild
magic 1, magic shield
a: no special abilities


You were on level 4 of the Dungeon.
You were not hungry.

You visited 1 branch of the dungeon, and saw 4 of its levels.
You also visited: Sewer.

You collected 149 gold pieces.

Inventory:

Hand Weapons
 a - a +1 war axe (weapon)
Armour
 b - a +0 scale mail (worn)
 c - a +0 shield
Jewellery
 d - a cursed amulet of inaccuracy (around neck)
Scrolls
 h - 2 scrolls of teleportation
 i - a scroll of fear
 l - a scroll of magic mapping
Potions
 g - a potion of degeneration {unknown}
 k - a potion of brilliance
 m - a potion of curing {unknown}
 o - 2 potions of agility {unknown}
Comestibles
 f - 5 rations
 n - 7 chunks of flesh


   Skills:
 + Level 4.3 Fighting
 * Level 6.5 Axes
 + Level 4.4 Armour
 - Level 2.6 Shields


You had 6 spell levels left.
You didn't know any spells.
Your spell library was empty.

Dungeon Overview and Level Annotations

Branches:
Dungeon (4/15)
 Temple: D:4-7

Altars:
Ru
Wu Jian


Innate Abilities, Weirdness & Mutations

You have a pair of small antennae on your head.
You are mostly covered in yellow scales. (AC +3)
When hurt, damage is shared between your health and your magic reserves.
You have sharp toenails.
You are agile. (Dex +2)
You are resistant to electric shocks. (rElec)
Your spells are a little harder to cast, but a little more powerful.


Message History

You flicker back into view.
n - 7 chunks of flesh (gained 5)
Things that are here:
a giant club; a dagger An orc priest comes into view.
It is wielding a hand axe.
The orc priest shouts!
You hear a shout! x2
The orc priest invokes the aid of Beogh against you.
Beogh smites you!
An orc comes into view.
There are monsters nearby!
The orc priest invokes the aid of Beogh against you.
Beogh smites you!
* * * LOW HITPOINT WARNING * * *
The orc priest begins to cast a cantrip, but forgets the words!
Found 10 gold pieces.
Your magical contamination has completely faded away.
Found a scroll of teleportation.
h - 2 scrolls of teleportation (gained 1)
Found an escape hatch in the ceiling.
Are you sure you want to abandon this character and quit the game? (Confirm with "yes".)

#..o...........###...#..###
#..o########.......#...#.
#.. ##............ #..
#...#....... ...
##....#....#. .o
##.....#..... .
...###..##...#...
........##...# .
....###..@#$... ##.
###........ # ###......
...... ..... ..... ....
#.<.


There were no monsters in sight!

Vanquished Creatures
  3 ogres
  A big kobold (Sewer)
  2 scorpions (D:4)
  A howler monkey (D:4)
  A hound (D:4)
  A jelly (D:2)
  Terence (D:2)
  2 orc wizards
  6 adders
  2 river rats (Sewer)
  11 oozes
  A dart slug (D:1)
  A leopard gecko (D:1)
  4 orcs
  2 ball pythons (D:3)
  9 bats
  9 giant cockroaches
  4 goblins
  7 hobgoblins
  12 jackals
  A frilled lizard (D:2)
  A jackal skeleton (D:4)
  18 kobolds
  13 rats
113 creatures vanquished.

Vanquished Creatures (others)
  3 fungi (D:2)
  6 toadstools (D:2)
9 creatures vanquished.

Grand Total: 122 creatures vanquished

Notes
Turn   | Place    | Note
-------+----------+-------------------------------------------
     0 | D:1      | Jorund the Demonspawn Fighter began the quest for the Orb.
     0 | D:1      | Reached XP level 1. HP: 18/18 MP: 1/1
   440 | D:1      | Reached skill level 2 in Axes
   563 | D:1      | Gained mutation: You are partially covered in yellow scales. (AC +2) [demonic ancestry]
   563 | D:1      | Reached XP level 2. HP: 24/24 MP: 2/2
  1259 | D:2      | Found a sacrificial altar of Ru.
  1262 | D:2      | Gained mutation: You are mostly covered in yellow scales. (AC +3) [demonic ancestry]
  1262 | D:2      | Reached XP level 3. HP: 29/29 MP: 3/3
  1347 | D:2      | Reached skill level 3 in Axes
  1536 | D:2      | Gained mutation: You have a pair of small antennae on your head. [demonic ancestry]
  1536 | D:2      | Reached XP level 4. HP: 33/35 MP: 4/4
  1793 | D:2      | Noticed Terence
  1808 | D:2      | Killed Terence
  1818 | D:2      | Reached skill level 4 in Axes
  1826 | D:2      | Reached XP level 5. HP: 33/41 MP: 5/5
  1859 | D:2      | Gained mutation: You possess an exceptional clarity of mind. [potion of mutation]
  1859 | D:2      | Gained mutation: You are resistant to electric shocks. (rElec) [potion of mutation]
  1859 | D:2      | Gained mutation: Your flesh is heat resistant. (rF+) [potion of mutation]
  2912 | D:3      | Noticed an ogre
  2946 | D:3      | Found a glowing drain.
  2975 | Sewer    | Entered a sewer
  3076 | Sewer    | Reached skill level 5 in Axes
  3076 | Sewer    | Reached XP level 6. HP: 21/48 MP: 6/6
  3213 | Sewer    | Found a white marble altar of Elyvilon.
  3439 | D:3      | Found an ornate altar of the Wu Jian Council.
  4100 | D:4      | Gained mutation: When hurt, damage is shared between your health and your magic reserves. [demonic ancestry]
  4100 | D:4      | Reached XP level 7. HP: 20/54 MP: 7/7
  4269 | D:4      | Reached skill level 6 in Axes
  4614 | D:4      | Lost mutation: Your flesh is heat resistant. (rF+) [potion of mutation]
  4614 | D:4      | Lost mutation: You possess an exceptional clarity of mind. [potion of mutation]
  4614 | D:4      | Gained mutation: Your spells are a little harder to cast, but a little more powerful. [potion of mutation]
  4614 | D:4      | Gained mutation: You have sharp toenails. [potion of mutation]
  4614 | D:4      | Gained mutation: You are agile. (Dex +2) [potion of mutation]
  4652 | D:4      | Quit the game

Skill      XL: |  1  2  3  4  5  6  7 |
---------------+----------------------+-----
Axes           | 2 3 4 5 6 |  6.5
Armour         | 3 4 |  4.4
Fighting       | 4 |  4.3
Shields        | |  2.6

Action                   |  1- 3 |  4- 6 |  7- 9 || total
-------------------------+-------+-------+-------++-------
Melee: War axe           |   110 |   298 |    50 ||   458
       Kick              |       |       |     1 ||     1
Evoke: Wand              |       |     2 |       ||     2
  Use: Scroll            |       |    10 |       ||    10
       Potion            |       |     5 |     2 ||     7
 Stab: Invisible         |       |     5 |     3 ||     8
  Eat: Chunk             |     2 |     2 |     2 ||     6
       Ration            |       |     2 |       ||     2
Armor: Scale mail        |    92 |   194 |    18 ||   304
Dodge: Dodged            |    75 |   174 |    33 ||   282
